Map: Ruins of Seras

Players

Njwboom

  • Race: Protoss Protoss
  • League: Diamond

Manta

  • Race: Protoss Protoss
  • League: Silver

Steve

  • Race: Zerg Zerg
  • League: Diamond

Zarc

  • Race: Zerg Zerg
  • League: Bronze

VOD

Have the link to the VOD?

Description

Time

  • Played on: Feb. 18, 2016, 8:19 p.m.
  • Length: 12:10
Show
View Real Time Build Order
Export as new Build Order

Njwboom Protoss 

Build Orders: Mass Adepts 

Get SALT Encoding   

  12  0:01  Probe (Chrono Boost)  
  13  0:11  Probe (Chrono Boost)  
  14  0:21  Pylon  
  14  0:23  Probe (Chrono Boost)  
  15  0:40  Gateway, Probe (Chrono Boost)  
  16  0:50  Probe (Chrono Boost)  
  16  0:52  Assimilator  
  17  1:01  Probe (Chrono Boost)  
  19  1:11  Probe (Chrono Boost)  
  19  1:22  Probe (Chrono Boost)  
  20  1:28  Cybernetics Core  
  20  1:32  Probe (Chrono Boost)  
  21  1:43  Probe (Chrono Boost)  
  22  1:53  Probe (Chrono Boost)  
  23  1:58  Nexus  
  23  2:07  Gateway  
  23  2:19  Pylon  
  23  2:27  Warp Gate (Chrono Boost)  
  23  2:37  Adept, Gateway, Probe  
  26  2:46  Pylon  
  26  2:49  Probe  
  27  2:56  Gateway  
  27  2:59  Adept  
  27  3:01  Probe  
  30  3:12  Probe  
  30  3:13  Assimilator, Probe  
  32  3:24  Adept  
  32  3:25  Probe  
  35  3:31  Probe  
  35  3:33  Adept  
  38  3:37  Probe  
  38  3:39  Gateway  
  39  3:41  Probe  
  40  3:50  Probe  
  40  3:52  Adept x2  
  45  4:02  Mothership Core  
  45  4:06  Pylon  
  45  4:18  Gateway  
  45  4:19  Probe, Gateway  
  46  4:29  Pylon  
  46  4:30  Probe  
  46  4:32  Probe  
  48  4:41  Probe  
  48  4:44  Probe  
  50  4:48  Adept x4  
  58  5:06  Adept  
  57  5:11  Probe  
  57  5:12  Probe  
  59  5:17  Adept x3  
  59  5:20  Adept  
  67  5:24  Probe  
  68  5:30  Probe  
  68  5:31  Pylon  
  69  5:44  Pylon  
  69  5:45  Pylon  
  69  5:50  Adept  
  69  5:51  Adept x3  
  77  6:09  Nexus  
  77  6:11  Pylon  
  77  6:14  Pylon  
  75  6:25  Assimilator  
  75  6:29  Assimilator  
  75  6:31  Gateway x2  
  73  6:35  Gateway  
  73  6:39  Adept x3  
  75  6:42  Adept  
  75  6:44  Probe  
  75  6:45  Probe  
  75  6:56  Probe  
  75  6:57  Probe  
  75  7:05  Adept x3  
  75  7:06  Adept  
  77  7:12  Adept x2  
  73  7:25  Adept  
  73  7:26  Adept x2  
  73  7:27  Adept  
  81  7:30  Probe  
  81  7:31  Probe  
  83  7:37  Adept  
  83  7:39  Adept  
  83  7:43  Probe  
  88  7:51  Probe  
  88  7:56  Probe  
  88  7:57  Probe  
  87  7:58  Robotics Facility  
  87  8:02  Probe  
  86  8:07  Probe  
  81  8:13  Probe  
  81  8:15  Probe  
  81  8:19  Stalker x4  
  83  8:30  Probe x2  
  83  8:31  Probe  
  72  8:43  Probe  
  72  8:46  Pylon x2  
  72  8:47  Immortal  
  72  8:48  Pylon, Stalker x3  
  79  9:02  Robotics Bay  
  79  9:06  Probe  
  79  9:07  Probe  
  79  9:08  Probe  
  82  9:10  Stalker x3  
  88  9:17  Probe  
  88  9:20  Stalker x2, Probe  
  88  9:21  Stalker  
  100  9:31  Immortal  
  100  9:32  Stalker  
  102  9:47  Forge, Assimilator  
  102  9:49  Forge  
  102  9:50  Assimilator  
  102  9:59  Probe x2  
  100  10:00  Probe  
  101  10:07  Disruptor  
  101  10:10  Pylon  
  101  10:11  Sentry x3  
  101  10:12  Stalker x2  
  101  10:13  Stalker x2  
  107  10:38  Disruptor  
  107  10:44  Stalker x4  
  107  10:45  Stalker  
  120  10:50  Nexus  
  120  10:52  Pylon  
  120  10:53  Probe  
  120  10:54  Pylon, Probe x2  
  123  11:08  Stalker x5  
  123  11:09  Stalker  
  135  11:31  Stalker  
  135  11:32  Stalker x4  
  145  11:33  Stalker x2  
  152  11:57  Probe  
  152  11:58  Twilight Council, Probe  
  152  12:01  Stalker  
Show
View Real Time Build Order
Export as new Build Order

Manta Protoss 

Build Orders:  

Get SALT Encoding   

  12  0:01  Drone  
  13  0:12  Overlord  
  13  0:20  Drone  
  14  0:34  Drone x2  
  16  0:36  Drone  
  17  0:54  Hatchery  
  16  1:05  Drone x2  
  18  1:12  Drone  
  19  1:19  Drone  
  20  1:31  Hatchery  
  19  1:43  Spawning Pool  
  18  1:47  Drone  
  18  1:50  Drone  
  20  1:55  Extractor  
  20  1:57  Drone  
  20  2:01  Overlord  
  20  2:10  Drone  
  20  2:14  Drone  
  22  2:30  Queen x2  
  22  2:36  Zergling x4  
  28  2:42  Drone x2  
  28  2:43  Drone  
  31  2:49  Drone  
  32  2:54  Queen  
  32  2:57  Drone  
  35  3:01  Metabolic Boost  
  36  3:05  Drone  
  36  3:13  Zergling x8  
  36  3:18  Zergling x2  
  41  3:20  Drone  
  41  3:34  Drone  
  42  3:38  Overlord x2  
  42  3:42  Spore Crawler  
  42  3:46  Drone  
  42  3:47  Spore Crawler  
  39  3:59  Extractor  
  39  4:00  Zergling x10  
  39  4:01  Drone  
  44  4:03  Drone x4  
  44  4:08  Drone x2  
  50  4:14  Overlord  
  50  4:16  Drone x3  
  52  4:23  Zergling x2  
  52  4:24  Zergling x6  
  56  4:35  Lair  
  55  4:43  Extractor  
  51  4:51  Extractor  
  49  4:56  Drone x3  
  51  5:01  Extractor  
  48  5:15  Roach Warren  
  48  5:19  Drone x2  
  48  5:20  Evolution Chamber  
  48  5:25  Drone x3  
  48  5:26  Drone x4  
  48  5:28  Drone x3  
  57  5:29  Drone  
  57  5:30  Drone  
  57  5:32  Drone  
  61  5:47  Drone x2  
  61  5:48  Drone  
  64  5:50  Zerg Missile Weapons Level 1  
  64  5:56  Roach  
  58  6:07  Roach x5  
  58  6:08  Roach x2  
  58  6:10  Overlord x2  
  58  6:11  Overlord x2  
  57  6:20  Zergling x2  
  57  6:21  Zergling x10  
  56  6:32  Queen  
  51  6:38  Roach  
  48  6:49  Drone  
  48  6:50  Drone  
  48  6:52  Drone  
  45  7:01  Zergling x2  
  38  7:07  Drone  
  36  7:09  Drone  
  36  7:21  Drone  
  36  7:22  Drone  
  36  7:36  Drone x2  
  38  7:38  Zergling x2  
  38  7:42  Ravager x2  
  41  7:44  Ravager  
  41  7:49  Ravager  
  41  7:50  Ravager  
  44  7:57  Zergling x2  
  43  8:13  Zergling x6  
  44  8:22  Roach  
  40  8:36  Roach  
  40  8:39  Drone  
  39  8:44  Drone  
  38  9:06  Roach  
  40  9:12  Drone  
  41  9:30  Ravager  
  43  9:31  Drone x2  
  43  9:36  Ravager  
  43  9:38  Ravager  
  46  9:58  Drone x3  
  49  10:02  Drone  
  47  10:07  Drone  
  43  10:25  Drone  
  43  10:26  Drone x3  
  47  10:30  Drone  
  48  10:36  Drone  
  49  10:45  Drone  
  49  10:47  Drone  
  49  10:49  Queen  
  53  11:33  Overlord x2  
  53  11:40  Overlord  
  53  11:50  Overlord x2  
  53  11:51  Overlord x2  
Show
View Real Time Build Order
Export as new Build Order

Steve Zerg 

Build Orders:  

Get SALT Encoding   

Show
View Real Time Build Order
Export as new Build Order

Zarc Zerg 

Build Orders:  

Get SALT Encoding   

Tags
 
Add a new tag
Caveats
  • Supply blocks, unpowered buildings, or Contaminate may cause inaccurate times.
  • Supply counts are checked every 10 seconds.